 Dungeon Crawl Stone Soup version 0.26-a0-540-g8a0c9464d7 (webtiles) character file.

Game seed: 14122900115133628110

1677 Inarius the Cleaver (level 9, 0/75 HPs)
             Began as a Hill Orc Chaos Knight on Aug 24, 2020.
             Was a Plaything of Xom.
             Slain by a jelly (3 damage)
             ... on level 5 of the Dungeon.
             The game lasted 00:07:50 (5759 turns).

Inarius the Cleaver (Hill Orc Chaos Knight)         Turns: 5759, Time: 00:07:50

Health: 0/75       AC: -3    Str: 18    XL:     9   Next: 1%
Magic:  9/9        EV:  7    Int: 12    God:    Xom [....*.]
Gold:   23         SH:  0    Dex: 10    Spells: 8/8 levels left

rFire    + . .     SeeInvis .   a - +0 hand axe (chaos)
rCold    . . .     Faith    .   (no shield)
rNeg     + . .     Spirit   .   u - +0 chain mail
rPois    .         Reflect  .   (no helmet)
rElec    .         Harm     .   (no cloak)
rCorr    .                      p - +0 pair of gloves
MR       .....                  v - +0 pair of boots
Stlth    ..........             (no amulet)
HPRegen  0.22/turn              t - ring of protection from fire
MPRegen  0.11/turn              h - ring of positive energy

@: corroded
A: no striking features
a: Renounce Religion


You were on level 5 of the Dungeon.
You worshipped Xom.
You were a beloved toy of Xom.
You visited 1 branch of the dungeon, and saw 5 of its levels.

You collected 335 gold pieces.
You spent 312 gold pieces at shops.

Inventory:

Hand Weapons
 a - a +0 hand axe of chaos (weapon)
 b - a +3 hand axe
Armour
 p - a +0 pair of gloves (worn)
 u - a +0 chain mail (worn)
 v - a +0 pair of boots (worn)
Jewellery
 g - an uncursed ring of protection from cold
 h - a ring of positive energy (right hand)
 t - a ring of protection from fire (left hand)
Wands
 s - a wand of random effects (21)
 w - a wand of acid (7)
Scrolls
 c - a scroll of noise {unknown}
 d - a scroll of immolation {unknown}
 e - 4 scrolls of remove curse {unknown}
 i - a scroll of teleportation {unknown}
 j - 2 scrolls of blinking {unknown}
 l - a scroll of fog {unknown}
 q - a scroll of magic mapping {unknown}
 y - a scroll of random uselessness {unknown}
Potions
 f - a potion of haste {unknown}
 k - a potion of heal wounds {unknown}
 m - 2 potions of lignification {unknown}
 n - 2 potions of stabbing {unknown}
 o - 6 potions of curing
 r - a potion of invisibility {unknown}
 x - a potion of ambrosia {unknown}


   Skills:
 + Level 6.2 Fighting
 * Level 11.6 Axes
 + Level 6.2 Armour
 - Level 0.7 Dodging
 * Level 1.4 Evocations


You had 8 spell levels left.
You didn't know any spells.
Your spell library was empty.

Dungeon Overview and Level Annotations

Branches:
Dungeon (5/15)             Temple (0/1) D:4

Altars:
Dithmenos
Elyvilon
Gozag
Nemelex Xobeh
Qazlal
Xom
Zin

Shops:
D:5 }

Annotations:
D:3 3 runed translucent doors, Lanoc's ghost, weakling DrFE


Message History

You hit something but do no damage. The acid corrodes you!
Your hands burn!
Something hits you.
You are splashed with acid!
You hit something. You freeze something.
Your hands burn!
Something hits you.
You are splashed with acid!
You hit something but do no damage.
Your hands burn!
* * * LOW HITPOINT WARNING * * *
Something hits you.
* * * LOW HITPOINT WARNING * * *
You are splashed with acid!
* * * LOW HITPOINT WARNING * * *
You hit something. You burn something.
Your hands burn!
* * * LOW HITPOINT WARNING * * *
Something hits you.
* * * LOW HITPOINT WARNING * * *
You are splashed with acid!
* * * LOW HITPOINT WARNING * * *
Unknown command.
Something hits you.
You die...
Xom yawns loudly!

#.......## #.......##.>..........
#........####.#####.........#....
#.............(####...#....###...
#............(.(...........# #...
#....................#.....####..
#..............#(.#..#...(#.#.#..
#.................#......(...##..
..................)....(.....##..
.#....#.........@.....(..........
.#....#..###........)..........##
##....##..###................###
.#....##..###................#
.#....##................###.##
.......................## #'#
##'''###...............# ... ##
##...####..............# ^.^ #.
#.....###.._...........# #.


There were no monsters in sight!

Vanquished Creatures
  Pikel (D:5)
  Menkaure (D:4)
  Edmund (D:4)
  A phantom (D:4)
  An ogre (D:5)
  4 big kobolds (D:5)
  A howler monkey (D:5)
  A bullfrog zombie (D:5)
  An orc priest (D:4)
  2 bullfrog skeletons (D:4)
  2 hounds (D:4)
  3 jellies (D:5)
  An iguana (D:3)
  2 worker ants
  4 gnolls (D:5)
  5 adders
  A shadow imp (D:5)
  An ufetubus (D:5)
  4 oozes
  2 worms (D:2)
  A dart slug (D:2)
  2 leopard geckos
  10 orcs
  2 bats (D:1)
  3 giant cockroaches
  3 hobgoblins
  7 kobolds
  6 quokkas
  3 ball pythons
  5 frilled lizards
  6 goblins
  A quokka skeleton (D:4)
  5 rats
  2 fungi (D:5)
95 creatures vanquished.

Vanquished Creatures (others)
  A fungus (D:5)
  14 toadstools (D:5)
15 creatures vanquished.

Grand Total: 110 creatures vanquished

Notes
Turn   | Place    | Note
-------+----------+-------------------------------------------
     0 | D:1      | Inarius the Hill Orc Chaos Knight began the quest for the
                  | Orb.
     0 | D:1      | Reached XP level 1. HP: 19/19 MP: 1/1
    71 | D:1      | Reached XP level 2. HP: 27/27 MP: 2/2
   594 | D:2      | Reached XP level 3. HP: 33/33 MP: 3/3
  1366 | D:2      | XOM: silly message
  1462 | D:2      | XOM: silly message
  1608 | D:2      | Reached skill level 5 in Axes
  2169 | D:3      | Found a runed translucent gate.
  2169 | D:3      | Found a runed translucent gate.
  2169 | D:3      | Found a runed translucent gate.
  2171 | D:3      | Noticed Lanoc's ghost (weakling DrFE)
  2326 | D:3      | Found a stormy altar of Qazlal.
  2329 | D:3      | Found a white marble altar of Elyvilon.
  2332 | D:3      | Found a shadowy altar of Dithmenos.
  2392 | D:3      | Found a sparkling altar of Nemelex Xobeh.
  2609 | D:3      | XOM: silly message
  2666 | D:4      | Reached XP level 4. HP: 23/40 MP: 4/4
  2676 | D:4      | Noticed Edmund
  2678 | D:4      | XOM: butterfly on damage
  2868 | D:4      | XOM: potion effect (invisibility)
  2872 | D:3      | Reached skill level 6 in Axes
  3015 | D:4      | Reached XP level 5. HP: 34/47 MP: 5/5
  3034 | D:4      | Killed Edmund
  3034 | D:4      | Reached skill level 7 in Axes
  3034 | D:4      | Reached XP level 6. HP: 20/53 MP: 6/6
  3042 | D:4      | XOM: silly message
  3271 | D:4      | Found a glowing silver altar of Zin.
  3271 | D:4      | Noticed an angel
  3271 | D:4      | Noticed Menkaure
  3272 | D:4      | Found a shimmering altar of Xom.
  3281 | D:4      | Killed Menkaure
  3281 | D:4      | Reached skill level 8 in Axes
  3297 | D:4      | Noticed a phantom
  3335 | D:4      | Killed a phantom
  3335 | D:4      | Reached XP level 7. HP: 39/60 MP: 7/7
  3533 | D:4      | Found a staircase to the Ecumenical Temple.
  3539 | D:4      | XOM: silly message
  3554 | D:4      | XOM: silly message
  3567 | D:4      | Reached skill level 9 in Axes
  3591 | D:4      | XOM: silly message
  3697 | D:4      | XOM: silly message
  3892 | D:5      | Entered Level 5 of the Dungeon
  3919 | D:5      | Reached skill level 5 in Fighting
  4270 | D:5      | Found an opulent altar of Gozag.
  4386 | D:5      | XOM: divination: detect creatures
  4388 | D:5      | XOM: cast spell 'Summon Small Mammal'
  4411 | D:5      | XOM: fog
  4422 | D:5      | XOM: cleaving
  4437 | D:5      | XOM: enchant monster (bad)
  4600 | D:5      | XOM: stat loss: -1 Str (16/17)
  4625 | D:5      | XOM: confuse monster(s)
  4662 | D:5      | Found Qoynauk's Gadget Shoppe.
  4670 | D:5      | Bought a wand of acid (9) for 312 gold pieces
  4678 | D:5      | Noticed Pikel
  4723 | D:5      | XOM: scenery: create altars
  4738 | D:5      | Killed Pikel
  4738 | D:5      | Reached skill level 10 in Axes
  4738 | D:5      | Reached skill level 5 in Armour
  4738 | D:5      | Reached XP level 8. HP: 35/70 MP: 8/8
  4900 | D:5      | XOM: summons 3 hostile demons
  5106 | D:5      | XOM: smoke on damage
  5184 | D:5      | Paralysed by a gnoll for 6 turns
  5187 | D:5      | XOM: fake destruction
  5196 | D:5      | Reached skill level 11 in Axes
  5196 | D:5      | Paralysed by a gnoll for 7 turns
  5400 | D:5      | Reached skill level 1 in Evocations
  5462 | D:5      | Noticed a slime creature
  5462 | D:5      | Noticed a slime creature
  5462 | D:5      | Noticed a slime creature
  5479 | D:5      | XOM: confuse monster(s)
  5480 | D:5      | XOM: noise
  5494 | D:5      | XOM: 3-stop teleportation journey
  5626 | D:5      | Reached XP level 9. HP: 45/75 MP: 9/9
  5757 | D:5      | HP: 2/75 [acid (9)]
  5759 | D:5      | Slain by a jelly

Illustrated notes

Levels and vault maps discovered:
D:1:      nzn_arrival_water_spiral, layout_basic, minmay_close_crescents
D:2:      layout_basic
D:3:      layout_loops_cross, grunt_temple_overflow_diamond, lemuel_round_altar,
          ebering_ghost_rock_garden
D:4:      layout_rooms, grunt_temple_overflow_order_and_chaos_1,
          minmay_temple_entry_slanted, uniq_edmund, uniq_menkaure
D:5:      cheibrodos_fertilizer, layout_layer_cave,
          yredelemnul_forgotten_temple_becter, serial_shops,
          nicolae_shop_behind_doors, nicolae_gozag_seed_capital, uniq_pikel

Skill      XL: |  1  2  3  4  5  6  7  8 |
---------------+-------------------------+-----
Fighting       | 4 5 6 |  6.2
Axes           | 5 6 7 8 10 11 | 11.6
Armour         | 3 4 5 6 |  6.2
Evocations     | 1 |  1.4
Dodging        | |  0.7

Action                   |  1- 3 |  4- 6 |  7- 9 || total
-------------------------+-------+-------+-------++-------
Melee: Hand axe          |   106 |    66 |   238 ||   410
Evoke: Wand              |       |       |     4 ||     4
 Stab: Paralysed         |     2 |     1 |     5 ||     8
       Invisible         |       |     1 |       ||     1
       Petrified         |       |     8 |       ||     8
       Confused          |       |     1 |     2 ||     3
Armor: Leather armour    |    22 |       |       ||    22
       Ring mail         |     3 |       |       ||     3
       Chain mail        |       |    20 |   156 ||   176
Dodge: Dodged            |    51 |    12 |    66 ||   129

Table legend: (Time is in decaauts)
 A = Elapsed time spent in this place.
 B = Non-inter-level travel time spent in this place.
 C = Inter-level travel time spent in this place.
 D = Time resting spent in this place.
 E = Time spent auto-exploring this place.
 F = Levels seen in this place.
 G = Mean time per level.
                   A        B        C        D        E       F      G
               +--------+--------+--------+--------+--------+-----+--------+
         Total |   5719 |   5583 |    136 |    850 |   3847 |   5 | 1143.8 |
       Dungeon |   5719 |   5583 |    136 |    850 |   3847 |   5 | 1143.8 |
               +--------+--------+--------+--------+--------+-----+--------+

Top non-repeatable levels by time:
     D:5: 1605 daAuts
     D:2: 1213 daAuts
     D:3: 1179 daAuts
     D:4: 1121 daAuts
     D:1: 600 daAuts
